 Dungeon Crawl Stone Soup version 0.30-a0-459-g9104f0fc43 (webtiles) character file.

Game seed: 15878827504265448712

99 kurumiz the Poker (level 4, -5/45 HPs)
             Began as an Ogre Gladiator on Dec 16, 2022.
             Was an Initiate of Gozag.
             Slain by an iguana (10 damage)
             ... on level 4 of the Dungeon.
             The game lasted 00:07:02 (3218 turns).

kurumiz the Poker (Ogre Gladiator)                  Turns: 3218, Time: 00:07:03

Health: -5/45      AC:  3    Str: 20    XL:     4   Next: 72%
Magic:  4/4        EV: 10    Int:  9    God:    Gozag
Gold:   202        SH:  0    Dex: 10    Spells: 3/3 levels left

rFire   . . .      SeeInvis .    t - +2 falchion (vamp)
rCold   . . .      Faith    .    (no shield)
rNeg    . . .      Spirit   .    b - +0 robe
rPois   .          Reflect  .    c - +0 hat
rElec   .          Harm     .    (no cloak)
rCorr   .          Rampage  .    (gloves unavailable)
Will    .....                    (boots unavailable)
Stlth   +.........               A - amulet of regeneration
HPRegen 1.07/turn                (no ring)
MPRegen 0.09/turn                (no ring)

@: no status effects
A: large, unfitting armour, tough skin 1
a: Renounce Religion, Potion Petition, Call Merchant, Bribe Branch


You were on level 4 of the Dungeon.
You worshipped Gozag.
Gozag was aware of your devotion.
You visited 1 branch of the dungeon, and saw 4 of its levels.

You collected 253 gold pieces.
You paid 51 gold pieces to Gozag.

Inventory:

Hand Weapons
 a - a +0 trident
 t - a +2 vampiric falchion (weapon)
 E - a +0 whip of distortion
Missiles
 d - 4 throwing nets (quivered)
 e - a large rock
 r - 29 stones
 G - 5 boomerangs
Armour
 b - a +0 robe (worn)
 c - a +0 hat (worn)
 m - a +2 helmet
 s - a +0 hat
 y - an orb of mayhem
Jewellery
 A - an amulet of regeneration (around neck)
Wands
 C - a wand of light (9)
Scrolls
 f - 3 scrolls of immolation
 h - 3 scrolls of vulnerability {unknown}
 j - a scroll of enchant armour {unknown}
 n - 2 scrolls of magic mapping {unknown}
 o - 3 scrolls of teleportation {unknown}
 p - 3 scrolls of identify {unknown}
 q - a scroll of enchant weapon {unknown}
 z - a scroll of brand weapon {unknown}
 D - 2 scrolls of poison {unknown}
Potions
 g - a potion of flight {unknown}
 i - a potion of curing {unknown}
 k - a potion of brilliance {unknown}
 l - a potion of heal wounds {unknown}
 u - a potion of invisibility {unknown}
 v - 2 potions of attraction {unknown}
 w - 3 potions of degeneration {unknown}
 x - a potion of haste {unknown}
 B - a potion of might {unknown}
 F - 2 potions of mutation {unknown}


   Skills:
 + Level 3.3 Fighting
 + Level 0.2 Long Blades
 + Level 4.5 Polearms
 + Level 2.1 Throwing
 + Level 3.1 Dodging
 + Level 0.3 Stealth


You had 3 spell levels left.
You didn't know any spells.
Your spell library contained the following spells:

 Spells                   Type           Power      Damage    Failure   Level
 Kindle Blastsparks       Fire/Tloc/Air  0%         2d10      77%         3
 Fulminant Prism          Conj/Hex       0%         3d5       99%         4
 Iskenderun's Mystic Bla  Conj/Tloc      0%         2d3       99%         4
 Lee's Rapid Deconstruct  Erth           0%         3d4*      100%        5


Dungeon Overview and Level Annotations

Branches:
Dungeon (4/15)
 Temple: D:4-7

Altars:
Gozag
Zin

Portals:
Sewer: D:4


Innate Abilities, Weirdness & Mutations

You are too large for most types of armour.
You have tough skin. (AC +1)


Message History

G - 5 boomerangs
Found a stone staircase leading down.
r - 29 stones (gained 3)
You hear the brisk rusting of a very distant drain.
There is a stone staircase leading down here.
Found 9 gold pieces.
You now have 202 gold pieces (gained 9).
Found 13 gold pieces.
An iguana comes into view.
The iguana hisses angrily.
The iguana completely misses you.
You hit the iguana but do no damage. The iguana bites you!
The iguana bites you but does no damage.
You hit the iguana.
The iguana is moderately wounded.
The iguana bites you!
You closely miss the iguana.
The iguana is moderately wounded.
The iguana misses you.
You closely miss the iguana.
The iguana is moderately wounded.
The iguana bites you!
You hit the iguana.
You feel better.
The iguana is heavily wounded.
The iguana bites you! x2
* * * LOW HITPOINT WARNING * * *
You hit the iguana.
You feel better.
The iguana is severely wounded.
The iguana bites you!
* * * LOW HITPOINT WARNING * * *
You barely miss the iguana.
The iguana is severely wounded.
The iguana bites you.
* * * LOW HITPOINT WARNING * * *
You closely miss the iguana.
The iguana is severely wounded.
The iguana bites you but does no damage.
The iguana bites you!
You die...
Your body crumbles into a pile of gold.

.. #.....# #.####.....#
...#.....# #.###.###
#>....######## #.#####... ..#
#####.#####.# #.# #
............####l#$#
####..####..#...@..#
##.....#..#.##.###
..............##.#########
####.#>..........#.......########
#.###...#######.#.##..........
#.......# #.#.##.#########
#####...# #...##.# #...# #..###.#
#...# ###..###.#########


You could see an iguana.

Vanquished Creatures
  3 adders
  A worm (D:4)
  A dart slug (D:3)
  An orc (D:3)
  10 ball pythons
  3 bats
  14 endoplasms
  A giant cockroach (D:1)
  5 goblins
  3 hobgoblins
  3 jackals (D:2)
  3 kobolds
  2 quokkas (D:1)
  3 frilled lizards
  6 rats
59 creatures vanquished.

Notes
Turn   | Place    | Note
-------+----------+-------------------------------------------
     0 | D:1      | kurumiz the Ogre Gladiator began the quest for the Orb.
     0 | D:1      | Reached XP level 1. HP: 22/22 MP: 1/1
   146 | D:1      | Reached XP level 2. HP: 27/29 MP: 2/2
   169 | D:1      | Found a faded altar of an unknown god.
   563 | D:1      | Reached XP level 3. HP: 35/36 MP: 3/3
  1232 | D:2      | Reached skill level 4 in Polearms
  1491 | D:2      | Reached XP level 4. HP: 43/45 MP: 4/4
  2575 | D:3      | Found an opulent altar of Gozag.
  2575 | D:3      | Found a glowing silver altar of Zin.
  2588 | D:3      | Became a worshipper of Gozag Ym Sagoz the Greedy
  2951 | D:4      | Found a glowing drain.
  3079 | D:4      | Noticed an ogre
  3218 | D:4      | Slain by an iguana

Illustrated notes

Levels and vault maps discovered:
D:1:      nicolae_arrival_washed_ashore, layout_basic,
          hellmonk_ecumenical_altar_blasted
D:2:      layout_loops_ring, grunt_decor_cap
D:3:      layout_loops_cross, grunt_temple_overflow_gold_and_silver
D:4:      layout_loops_cross, cheibrodos_sewer_entry_bend

Skill      XL: |  1  2  3 |
---------------+----------+-----
Dodging        | 3 |  3.1
Fighting       | 3 |  3.3
Polearms       | 4 |  4.5
Long Blades    | |  0.2
Throwing       | |  2.1
Stealth        | |  0.3

Action                   |  1- 3 |  4- 6 || total
-------------------------+-------+-------++-------
Melee: Trident           |   101 |    17 ||   118
       Falchion          |       |    40 ||    40
       Punch             |       |     1 ||     1
 Stab: Sleeping          |     1 |     1 ||     2
Armor: Robe              |    19 |     9 ||    28
Dodge: Dodged            |    30 |    22 ||    52

Table legend: (Time is in decaauts)
 A = Elapsed time spent in this place.
 B = Non-inter-level travel time spent in this place.
 C = Inter-level travel time spent in this place.
 D = Time resting spent in this place.
 E = Time spent auto-exploring this place.
 F = Levels seen in this place.
 G = Mean time per level.
                   A        B        C        D        E       F      G
               +--------+--------+--------+--------+--------+-----+--------+
         Total |   3242 |   2531 |    711 |      0 |   2105 |   4 |  810.5 |
       Dungeon |   3242 |   2531 |    711 |      0 |   2105 |   4 |  810.5 |
               +--------+--------+--------+--------+--------+-----+--------+

Top non-repeatable levels by time:
     D:1: 1043 daAuts
     D:2: 961 daAuts
     D:3: 838 daAuts
     D:4: 398 daAuts
